 Dungeon Crawl Stone Soup version 0.27.1-3-gb3d3a73c9e (webtiles) character file.

Game seed: 16386742526284694485

76 styxcanada the Covert (level 4, -6/23 HPs)
             Began as a Spriggan Brigand on Oct 22, 2021.
             Killed by divine providence
             ... invoked by an orc priest
              (13 damage)
             ... on level 3 of the Dungeon on Oct 25, 2021.
             The game lasted 00:07:25 (1852 turns).

styxcanada the Covert (Spriggan Brigand)            Turns: 1852, Time: 00:07:26

Health: -6/23      AC:  3    Str:  7    XL:     4   Next: 12%
Magic:  5/5        EV: 17    Int: 12    God:
Gold:   98         SH:  0    Dex: 17    Spells: 3/3 levels left

rFire    . . .     SeeInvis +   a - +2 dagger
rCold    + . .     Faith    .   (shield restricted)
rNeg     . . .     Spirit   .   b - +0 robe
rPois    .         Reflect  .   (helmet restricted)
rElec    .         Harm     .   c - +0 cloak
rCorr    .         Rampage  .   (gloves unavailable)
Will     .....                  (boots unavailable)
Stlth    ++++......             (no amulet)
HPRegen  0.07/turn              m - ring of protection from cold
MPRegen  0.09/turn              (no ring)

@: very quick
A: very small, no large weapons, unfitting armour, see invisible, speed 3
a: no special abilities


You were on level 3 of the Dungeon.
You visited 1 branch of the dungeon, and saw 3 of its levels.

You collected 98 gold pieces.

Inventory:

Hand Weapons
 a - a +2 dagger (weapon)
 j - a +0 hunting sling
Missiles
 h - 89 stones (quivered)
 i - 6 atropa-tipped darts
Armour
 b - a +0 robe (worn)
 c - a +0 cloak (worn)
Jewellery
 m - a ring of protection from cold (left hand)
Scrolls
 f - 3 scrolls of identify {unknown}
 g - 2 scrolls of noise {unknown}
Potions
 k - a potion of lignification {unknown}
 l - a potion of degeneration {unknown}


   Skills:
 * Level 1.8 Fighting
 + Level 2.5 Short Blades
 + Level 2.0 Throwing
 * Level 1.8 Dodging
 * Level 8.0 Stealth


You had 3 spell levels left.
You didn't know any spells.
Your spell library contained the following spells:

 Spells                   Type           Power      Damage    Failure   Level
 Animate Skeleton         Necr           0%         N/A       32%         1


Dungeon Overview and Level Annotations

Branches:
Dungeon (3/15)

Altars:
Elyvilon
Trog


Innate Abilities, Weirdness & Mutations

You are very small and have problems with some larger weapons.
You are too small for most types of armour.
You have supernaturally acute eyesight. (SInv)
You cover ground extremely quickly. (Speed+++)


Message History

An orc is nearby!
The orc shouts!
You hit the orc.
The orc is heavily wounded.
The orc closely misses you.
You barely miss the orc.
The orc is heavily wounded.
The orc hits you with a +0 dagger.
You hit the orc.
You kill the orc!
Your Stealth skill increases to level 8!
You hit the orc.
The orc is severely wounded.
The orc hits you but does no damage.
You hit the orc.
You kill the orc!
There is a stone staircase leading up here.
You barely miss the orc priest.
The orc priest is severely wounded.
The orc priest completely misses you.
You closely miss the orc priest.
The orc priest is severely wounded.
The orc priest barely misses you.
You closely miss the orc priest.
The orc priest is severely wounded.
The orc priest mumbles some strange prayers to Beogh against you.
Beogh smites you!
You closely miss the orc priest.
The orc priest is severely wounded.
The orc priest closely misses you.
You hit the orc priest but do no damage.
The orc priest is severely wounded.
The orc priest completely misses you.
You hit the orc priest.
The orc priest is almost dead.
There is a stone staircase leading up here.
The orc priest mumbles some strange prayers to Beogh against you.
Beogh smites you!
Ouch! That really hurt!
You die...

###.# #........# ..^
######.# #........#
..
#......####...o....#
.
##.######.(...######
#.........).......#
########.o†..####.#
##oo.....#.#
#(#####.#.#
#o#o.@#.#.#
#o#o###.#.#
####'#.....#.###
#.....o........#
#.............>#
#..............#
##.......#######
#.......# #.......#


You could see an orc priest and an orc wizard.

Vanquished Creatures
  An orc priest (D:3)
  An adder (D:2)
  A worm (D:2)
  3 orcs (D:3)
  2 endoplasms
  5 hobgoblins
  A kobold (D:1)
  2 quokkas (D:1)
  4 ball pythons
  2 bats
  3 frilled lizards
  5 goblins
  A rat (D:2)
31 creatures vanquished.

Vanquished Creatures (others)
  A fungus (D:1)
1 creature vanquished.

Grand Total: 32 creatures vanquished

Notes
Turn   | Place    | Note
-------+----------+-------------------------------------------
     0 | D:1      | styxcanada the Spriggan Brigand began the quest for the
                  | Orb.
     0 | D:1      | Reached XP level 1. HP: 10/10 MP: 2/2
    82 | D:1      | Reached skill level 6 in Stealth
   285 | D:1      | Found a faded altar of an unknown god.
   293 | D:1      | Got Plato's Papyrus of Evil
   440 | D:1      | Reached XP level 2. HP: 14/14 MP: 3/3
  1074 | D:2      | Reached skill level 7 in Stealth
  1150 | D:2      | Reached XP level 3. HP: 18/18 MP: 4/4
  1254 | D:2      | Found a white marble altar of Elyvilon.
  1679 | D:3      | Found a bloodstained altar of Trog.
  1819 | D:3      | Reached XP level 4. HP: 18/23 MP: 5/5
  1841 | D:3      | Reached skill level 8 in Stealth
  1852 | D:3      | Killed from afar by an orc priest

Illustrated notes

Levels and vault maps discovered:
D:1:      dpeg_arrival_arbitrary_a, layout_basic,
          shapermc_ecumenical_altar_rom_forum, due_unseen_surprise
D:2:      layout_loops_corners, basic_altar
D:3:      layout_basic, cheibrodos_ashenzari_chains, pf_just_have_faith

Skill      XL: |  1  2  3  4 |
---------------+-------------+-----
Stealth        | 6 7 8 |  8.0
Fighting       | |  1.8
Short Blades   | |  2.5
Throwing       | |  2.0
Dodging        | |  1.8

Action                   |  1- 3 |  4- 6 || total
-------------------------+-------+-------++-------
Melee: Dagger            |    68 |    11 ||    79
Throw: Dart              |    10 |       ||    10
       Stone             |     1 |       ||     1
 Stab: Sleeping          |    12 |       ||    12
Armor: Robe              |     5 |     1 ||     6
Dodge: Dodged            |    30 |     5 ||    35
